 Dungeon Crawl Stone Soup version 0.24.1-14-gf8d2b509d9 (webtiles) character file.

Game seed: 17907423319128279002, levelgen mode: deterministic

40 tkbsonic5 the Magician (level 3, -2/20 HPs)
             Began as a Kobold Wizard on May 12, 2023.
             Slain by a hound (6 damage)
             ... on level 1 of the Dungeon.
             The game lasted 00:10:10 (1590 turns).

tkbsonic5 the Magician (Kobold Wizard)              Turns: 1590, Time: 00:10:10

Health: -2/20      AC:  1    Str:  4    XL:     3   Next: 72%
Magic:  1/8        EV: 21    Int: 20    God:
Gold:   86         SH:  0    Dex: 18    Spells: 0/9 levels left

rFire    . . .     SeeInvis .   q - +0 rapier
rCold    . . .     Gourm    .   (shield restricted)
rNeg     . . .     Faith    .   a - +0 robe
rPois    +         Spirit   .   b - +0 hat {the fool}
rElec    .         Reflect  .   (no cloak)
rCorr    .         Harm     .   (no gloves)
MR       .....                  (no boots)
Stlth    +++.......             (no amulet)
HPRegen  0.06/turn              m - ring of poison resistance
MPRegen  0.11/turn              (no ring)

@: agile, flying (expiring)
A: small, horns 1, carnivore, deformed body, deterioration 1, robust 1
a: no special abilities


You were on level 1 of the Dungeon.
You were not hungry.

You visited 1 branch of the dungeon, and saw 2 of its levels.

You collected 86 gold pieces.

Inventory:

Hand Weapons
 c - a +0 dagger
 k - a +0 whip
 q - a +0 rapier (weapon)
Missiles
 f - 32 poisoned darts (quivered)
 g - 12 sling bullets
Armour
 a - a +0 robe (worn)
 b - a +0 hat (worn) {the fool}
 h - a +0 leather armour
 i - a scarf of cloud immunity
 o - a +0 leather armour
Jewellery
 m - a ring of poison resistance (left hand)
Comestibles
 d - 3 rations


   Skills:
 - Level 2.7 Dodging
 - Level 2.9 Stealth
 * Level 3.7 Spellcasting
 * Level 1.9 Conjurations
   Level 1.0 Summonings
 + Level 1.3 Translocations
 * Level 0.3 Fire Magic
 * Level 0.2 Air Magic
 * Level 0.2 Poison Magic


You couldn't memorise any spells.
You knew the following spells:

 Your Spells              Type           Power        Failure   Level  Hunger
a - Magic Dart            Conj           ##..         6%          1    None
b - Blink                 Tloc           N/A          12%         2    ##.....
c - Conjure Flame         Conj/Fire      #.......     24%         3    ###....
d - Mephitic Cloud        Conj/Pois/Air  #.......     28%         3    ###....

Your spell library contained the following spells:

 Spells                   Type           Power        Failure   Level  Hunger
 Call Imp                 Summ           #.......     13%         2    ##.....
 Slow                     Hex            #.......     21%         2    ##.....


Dungeon Overview and Level Annotations

Branches:
Dungeon (2/15)

Altars:


Innate Abilities, Weirdness & Mutations

You are small and have problems with some larger weapons.
You are carnivorous and can eat meat at any time.
You have a pair of small horns on your head.
Armour fits poorly on your strangely shaped body.
Your body sometimes deteriorates upon taking damage.
You are robust. (+10% HP)


Message History

The hound completely misses you.
You closely miss the hound.
The hound is lightly wounded.
The hound bites you.
* * * LOW HITPOINT WARNING * * *
The hound closely misses you. The hound completely misses you.
The hound bites you but does no damage. The hound completely misses you.
Casting: Magic Dart (safe; 6% risk of failure)
Confirm with . or Enter, or press ? or * to list all spells.
Okay, then.
Casting: Magic Dart (safe; 6% risk of failure)
Confirm with . or Enter, or press ? or * to list all spells.
You blink.
You are starting to lose your buoyancy.
The hound closely misses you. The hound completely misses you.
The hound bites you.
You die...

#.#.#.#..##.#############
#........##.............#
###......###............#
#.......###............#
#####....#..............#
.# #....#.#............#
.# ####.##.#.....#########
.###.......#####.#.......#
...............#@##.####.#
.######...####.#h#.....#.#
..........# #.#.#####.#.#
.########.## #.#.........#
.# #..# #.###.....### .#
######..# #.....###[# .#
#.....#.# #.....# ### .#
#.....#.###.###.# .#
#.....#.#...#
#.#############


You could see a hound.

Vanquished Creatures
  An adder (D:2)
  A worm (D:2)
  2 dart slugs (D:2)
  5 bats
  3 hobgoblins
  3 jackals (D:2)
  3 frilled lizards
  3 goblins
  2 kobolds (D:1)
  3 rats
26 creatures vanquished.

Notes
Turn   | Place    | Note
-------+----------+-------------------------------------------
     0 | D:1      | tkbsonic5 the Kobold Wizard began the quest for the Orb.
     0 | D:1      | Reached XP level 1. HP: 10/10 MP: 4/4
   184 | D:1      | Reached XP level 2. HP: 15/15 MP: 2/6
   219 | D:1      | Learned a level 2 spell: Blink
  1068 | D:2      | Reached XP level 3. HP: 19/19 MP: 1/8
  1074 | D:2      | Learned a level 3 spell: Conjure Flame
  1078 | D:2      | Learned a level 3 spell: Mephitic Cloud
  1574 | D:1      | Gained mutation: Your body sometimes deteriorates upon
                  | taking damage. [potion of mutation]
  1574 | D:1      | Gained mutation: You are robust. (+10% HP) [potion of
                  | mutation]
  1574 | D:1      | Gained mutation: Armour fits poorly on your strangely
                  | shaped body. [potion of mutation]
  1574 | D:1      | Gained mutation: You have a pair of small horns on your
                  | head. [potion of mutation]
  1590 | D:1      | Slain by a hound

Levels and vault maps discovered:
D:1:      scummos_arrival_simple_fountains, layout_basic, st_stairs_6,
          kennysheep_another_room
D:2:      layout_basic

Action                   || total
-------------------------++-------
Melee: Dagger            ||     1
       Rapier            ||     3
Throw: Dart              ||     5
 Cast: Magic Dart        ||    64
       Blink             ||     3
       Mephitic Cloud    ||     2
       Conjure Flame     ||     1
  Use: Scroll            ||     9
       Potion            ||     4
 Stab: Sleeping          ||     1
  Eat: Chunk             ||     3
Armor: Robe              ||     8
Dodge: Dodged            ||    29
